 Dungeon Crawl Stone Soup version 0.22-a0-161-g198051c (webtiles) character file.

126 vishdafish the Charmwright (level 4, -1/33 HPs)
             Began as a Demonspawn Skald on Feb 11, 2018.
             Slain by an adder (3 damage)
             ... on level 2 of the Dungeon.
             The game lasted 00:02:53 (1913 turns).

vishdafish the Charmwright (Demonspawn Skald)       Turns: 1913, Time: 00:02:53

Health: -1/33      AC:  4    Str: 12    XL:     4   Next: 83%
Magic:  6/7        EV: 12    Int: 15    God:
Gold:   81         SH:  0    Dex: 12    Spells: 6/7 levels left

rFire    . . .     SeeInvis .   a - +0 falchion
rCold    . . .     Gourm    .   (no shield)
rNeg     . . .     Faith    .   b - +0 leather armour
rPois    .         Spirit   .   (helmet restricted)
rElec    .         Reflect  .   (no cloak)
rCorr    .         Harm     .   (no gloves)
MR       .....                  (no boots)
Stlth    +.........             (no amulet)
HPRegen  0.11/turn              e - +1 ring of protection
MPRegen  0.10/turn              (no ring)

@: lethally poisoned (-1 -> -38), infused
A: horns 1, powered by death 1
a: no special abilities


You were on level 2 of the Dungeon.
You were not hungry.

You visited 1 branch of the dungeon, and saw 2 of its levels.

You collected 81 gold pieces.

Inventory:

Hand Weapons
 a - a +0 falchion (weapon)
Missiles
 j - 7 javelins
 l - a throwing net (quivered)
Armour
 b - a +0 leather armour (worn)
Jewellery
 e - a +1 ring of protection (left hand)
 f - an uncursed ring of ice
Scrolls
 g - 5 scrolls of identify {unknown}
 i - a scroll of enchant weapon {unknown}
Potions
 h - a potion of resistance {unknown}
 k - a potion of agility {unknown}
Books
 c - a book of Battle

   Spells                             Type                      Level
   a - Infusion                       Charms                       1
   b - Shroud of Golubria             Charms/Translocation         2
   c - Song of Slaying                Charms                       2
   d - Spectral Weapon                Hexes/Charms                 3
   e - Regeneration                   Charms/Necromancy            3
Comestibles
 d - 2 rations


   Skills:
 - Level 2.0 Fighting
 * Level 3.2 Long Blades
 + Level 1.9 Armour
 + Level 2.5 Dodging
 - Level 2.0 Spellcasting
 + Level 3.3 Charms


You had 6 spell levels left.
You knew the following spells:

 Your Spells              Type           Power        Failure   Level  Hunger
a - Infusion              Chrm           ##..         7%          1    #......


Dungeon Overview and Level Annotations

Branches:
Dungeon (2/15)

Altars:


Innate Abilities, Weirdness & Mutations

You have a pair of small horns on your head.
You regenerate a little health from kills.


Message History

The adder poisons you!
You feel very sick.
Casting: Infusion (safe; 7% risk of failure)
Confirm with . or Enter, or press ? or * to list all spells.
You begin infusing your attacks with magical energy.
* * * LOW HITPOINT WARNING * * *
You feel very sick. The goblin hits you but does no damage.
The adder closely misses you.
You riposte.
You miss the adder. Your headbutt misses the adder. The kobold misses you.
You barely miss the kobold.
The kobold is severely wounded.
* * * LOW HITPOINT WARNING * * *
You feel very sick. The adder bites you.
* * * LOW HITPOINT WARNING * * *
The goblin hits you but does no damage. The kobold hits you but does no damage.
You are more poisoned.
The adder bites you.
You die...

#.............#.# #..........
#.............#.# #..........
#.......)....†..# #......####
#............#..# #......#
...############..######..........
### #..........#####......
###....>........ ..###K.
...................# ..
.......@............ K
......KgS.........#
..................
................ ................
....(.......... ...............
............... ...............


You could see an adder, a goblin and a kobold.

Vanquished Creatures
  A crimson imp (D:2)
  4 adders (D:2)
  An ooze (D:1)
  2 dart slugs (D:1)
  3 leopard geckos
  3 bats
  4 giant cockroaches
  4 goblins
  6 hobgoblins
  3 jackals (D:1)
  4 kobolds
  A quokka (D:2)
  2 frilled lizards
  5 rats
43 creatures vanquished.

Notes
Turn   | Place    | Note
-------+----------+-------------------------------------------
     0 | D:1      | vishdafish the Demonspawn Skald began the quest for the Orb.
     0 | D:1      | Reached XP level 1. HP: 16/16 MP: 3/3
    18 | D:1      | Reached skill level 1 in Armour
   431 | D:1      | Gained mutation: You have a pair of small horns on your head. [demonic ancestry]
   431 | D:1      | Reached XP level 2. HP: 21/22 MP: 0/5
  1242 | D:1      | Gained mutation: You regenerate a little health from kills. [demonic ancestry]
  1242 | D:1      | Reached XP level 3. HP: 17/27 MP: 6/6
  1591 | D:2      | Reached XP level 4. HP: 28/33 MP: 3/7
  1913 | D:2      | Slain by an adder

Vault maps used:
D:1:      lemuel_arrival_behind_the_door_small
D:2:      minmay_pentomino_u2

Skill      XL: |  1  2  3  4 |
---------------+-------------+-----
Armour         | 1 |  1.9
Long Blades    | 2 3 |  3.2
Dodging        | 2 |  2.5
Charms         | 3 |  3.3
Fighting       | |  2.0
Spellcasting   | |  2.0

Action                   |  1- 3 |  4- 6 || total
-------------------------+-------+-------++-------
Melee: Falchion          |   104 |    79 ||   183
       Headbutt          |     9 |    19 ||    28
Throw: Throwing net      |       |     1 ||     1
 Cast: Infusion          |     5 |     2 ||     7
 Stab: Held in net/web   |       |     1 ||     1
  Eat: Chunk             |     2 |     2 ||     4
Armor: Leather armour    |    38 |    26 ||    64
Dodge: Dodged            |    65 |    62 ||   127
       Rpst.: Falchion   |    22 |    24 ||    46

Table legend:
 A = Spawn XP
 B = Non-spawn XP
 C = Spawn XP percentage of total XP
 D = Spawn monster count
 E = Non-spawn monster count
 F = Spawn count percentage of total count
 G = Total turns spent on level
                    A         B        C        D         E        F      G
               +---------+---------+-------+---------+---------+-------+---------
         Total |       0 |     180 |   0.0 |       0 |      43 |   0.0 |  1913
               +---------+---------+-------+---------+---------+-------+---------
           D:1 |       0 |      56 |   0.0 |       0 |      25 |   0.0 |  1445
           D:2 |       0 |     124 |   0.0 |       0 |      18 |   0.0 |   468
               +---------+---------+-------+---------+---------+-------+---------
